Workbook

Sheet Planilha Orcamentaria
A1: PREFEITURA MUNICIPAL DE PEDRALVA ESTADO DE MINAS GERAIS Rua Xavier Lisboa, 42- Centro, CEP 37520-000
A4: PLANILHA ORÇAMENTÁRIA DE CUSTOS
A6: PREFEITURA: PREFEITURA MUNICIPAL DE PEDRALVA/MG | F6: FOLHA Nº:
A7: OBRA: CONSTRUÇÃO DE USINA FOTOVOLTAICA DE GERAÇÃO DE ENERGIA ELÉTRICA NA ASSOCIAÇÃO BENEFICENTE DR GERALDO PINHEIRO OSÓRIO DE PEDRALVA/MG | F7: DATA: 27/09/2024
A8: LOCAL: RUA PADRE MARINO, 110, BAIRRO CENTRO, PEDRALVA - MG | E8: FORMA DE EXECUÇÃO:
A9: REGIÃO/MÊS DE REFERÊNCIA: setop 04/2024 c/desoneração e COTAÇÃO | E9: ( ) | F9: DIRETA | G9: ( X ) | H9: INDIRETA
A10: PRAZO DE EXECUÇÃO: 6 MESES | G10: BDI | H10: =BDI!J20 -> 0.3015
A12: ITEM | B12: CÓDIGO | C12: DESCRIÇÃO | D12: UNIDADE | E12: QUANTIDADE | F12: PREÇO UNITÁRIO S/ BDI | G12: PREÇO UNITÁRIO C/ BDI | H12: PREÇO TOTAL
C13: SISTEMA DE GERAÇÃO DE ENERGIA FOTOVOLTAICA | D13: =ROUND(F13+(F13*$H$10),2) -> 0
A14: 1.0 | C14: SERVIÇOS PRELIMINARES | D14: =ROUND(F14+(F14*$H$10),2) -> 0
A15: 1.1 | B15: SETOP ED-16660 | C15: FORNECIMENTO E COLOCAÇÃO DE PLACA DE OBRA EM CHAPA GALVANIZADA #26, ESP. 0,45 MM, PLOTADA COM ADESIVO VINÍLICO, AFIXADA COM REBITES 4,8X40 MM, EM ESTRUTURA METÁLICA DE METALON 20X20 MM, ESP. 1,25 MM, INCLUSIVE SUPORTE EM EUCALIPTO AUTOCLAVADO PINTADO COM TINTA PVA DUAS (2) DEMÃOS | D15: M² | E15: =1.5*3 -> 4.5 | F15: 303.72 | G15: =ROUND(F15+(F15*$H$10),2) -> 395.29 | H15: =ROUND((E15*G15),2) -> 1778.81
A16: TOTAL ITEM | H16: =SUM(H15:H15) -> 1778.81 | J16: 0
A17: 2.0 | C17: USINA | D17: =ROUND(F17+(F17*$H$10),2) -> 0
A18: 2.1 | B18: COTAÇÃO 001 | C18: IMPLEMENTAÇÃO DOS SERVIÇOS DE INSTALAÇÃO DE SISTEMA DE ENERGIA FOTOVOLTAICA COM FORNECIMENTO DE MATERIAL, INLCUISVE TERRAPLANAGEM E FUNDAÇÃO E HOMOLOGAÇÃO DO SISTEMA NA CONCESSIONÁRIA | D18: UN | E18: 1 | F18: =Cotação!H7 -> 75389.207 | G18: =ROUND(F18+(F18*$H$10),2) -> 98119.05 | H18: =ROUND((E18*G18),2) -> 98119.05
A19: TOTAL ITEM | H19: =SUM(H18:H18) -> 98119.05
A20: TOTAL GERAL DA OBRA | H20: =H19+H16 -> 99897.86
B25: Isabela Cristina Ferreira Faria - Engenheira Civil | E25: CREA 226364/D
B32: Josimar Silva de Freitas - Prefeito Municipal

Sheet BDI
A1: PREFEITURA MUNICIPAL DE PEDRALVA ESTADO DE MINAS GERAIS Rua Xavier Lisboa, 42- Centro, CEP 37520-000
A2: QUADRO DE COMPOSIÇÃO DE BDI
A3: PREFEITURA: Prefeitura Municipal de Pedralva - MG
A4: OBRA: Construção de usina fotovoltaica de geração de energia elétrica na Associação Beneficente Dr Geraldo Pinheiro Osório do município de Pedralva - MG
A5: LOCAL: Rua Padre Marino, 110, Bairro Centro, Pedralva - MG
A6: DATA: 23/05/2024
A7: TIPO DE OBRA
A8: Construção e Manutenção de Estações e Redes de Distribuição de Energia Elétrica
A9: Itens | I9: Siglas | J9: % Adotado
L10: Situação | M10: 1º Quartil | N10: Médio | O10: 3º Quartil
A11: =IF($J$17=$A$145,"Encargos Sociais incidentes sobre a mão de obra","Administração Central") -> Administração Central | I11: AC | J11: 0.0602 | L11: - | M11: 0.0529 | N11: 0.0592 | O11: 0.0793
A12: =IF($J$17=$A$145,"Administração Central da empresa ou consultoria - overhead","Seguro e Garantia") -> Seguro e Garantia | I12: SG | J12: 0.0051 | L12: - | M12: 0.0025 | N12: 0.0051 | O12: 0.0056
A13: Risco | I13: R | J13: 0.0148 | L13: - | M13: 0.01 | N13: 0.0148 | O13: 0.0197
A14: Despesas Financeira | I14: DF | J14: 0.0107 | L14: - | M14: 0.0101 | N14: 0.0107 | O14: 0.0111
A15: =IF($J$17=$A$145,"Margem bruta da empresa de consultoria","Lucro") -> Lucro | I15: L | J15: 0.0831 | L15: - | M15: 0.08 | N15: 0.0831 | O15: 0.0951
A16: Tributos (impostos COFINS 3%, e PIS 0,65%) | I16: CP | J16: 0.0365 | L16: - | M16: 0.0365 | N16: 0.0365 | O16: 0.0365
A17: Tributos (ISS, variável de acordo com o município) | I17: ISS | J17: 0.01 | L17: - | M17: 0 | N17: 0.025 | O17: 0.05
A18: Tributos (Contribuição Previdenciária sobre a Receita Bruta - 0% ou 4,5% - Desoneração) | I18: CPRB | J18: 0.045 | L18: - | M18: 0 | N18: 0.045 | O18: 0.045
A19: BDI SEM desoneração (Fórmula Acórdão TCU) | I19: BDI PAD | J19: 0.24 | L19: OK | M19: 0.24 | N19: 0.2584 | O19: 0.2786
A20: BDI COM desoneração | I20: BDI DES | J20: 0.3015
A23: Os valores de BDI foram calculados com o emprego da fórmula:
A27: Declaro para os devidos fins que, conforme legislação tributária municipal, a base de cálculo deste tipo de obra corresponde à 50%, com a respectiva alíquota de 2%
A29: Declaro para os devidos fins que o regime de Contribuição Previdenciária sobre a Receita Bruta adotado para elaboração do orçamento foi COM desoneração, e que esta é a alternativa mais adequada para a Administração Pública.
C33: ___________________________________________________
C34: Isabela Cristina Ferreira Faria - Engenheira Civil
C35: CREA/MG: 226364/D
C39: ___________________________________________________
C40: Josimar Silva de Freitas - Prefeito Municipal

Sheet Cotação
A1: PREFEITURA MUNICIPAL DE PEDRALVA ESTADO DE MINAS GERAIS Rua Xavier Lisboa, 42- Centro, CEP 37520-000
A2: PLANILHA DE COTAÇÃO
A3: PREFEITURA: Prefeitura Municipal de Pedralva - MG
A4: OBRA: Construção de usina fotovoltaica para geração de energia elétrica na Associação Beneficente Dr Geraldo Pinheiro Osório do município de Pedralva - MG
A5: LOCAL: Rua Padre Marino, 110, Bairro Centro, Pedralva - MG
A6: DATA: 23/05/2024
A7: COT-001 | B7: CONTRATAÇÃO DE EMPRESA ESPECIALIZADA PARA PRESTAÇÃO DE SERVIÇOS DE INSTALAÇÃO DE SISTEMA DE ENERGIA FOTOVOLTAICA COM FORNECIMENTO DE MATERIAL, SOB O REGIME DE EMPREITADA POR PREÇO GLOBAL | E7: UN | H7: =(H9+H10+H11)/3 -> 75389.207
A8: EMPRESA | B8: CNPJ | C8: LOCAL/LINK | D8: CONTATO | E8: UNIDADE | F8: VALOR | G8: FRETE | H8: TOTAL
A9: ATACAMA ENGENHARIA | B9: 40.619.859/0001-06 | C9: Rua Coronel Machado, 344, Centro - Pedralva-MG | D9: (35) 99901-3635 | E9: UN | F9: =106336.8/(1+'Planilha Orcamentaria'!H10) -> 81703.265 | G9: 0 | H9: =F9+G9 -> 81703.265
A10: EVERTON GALDINO NOGUEIRA | B10: 53.690.123/0001-68 | C10: Tv Angelo Chiarato, 10 - Centro, Pouso Alegre - MG | D10: (35) 99996-6762 | E10: UN | F10: =94775/(1+'Planilha Orcamentaria'!H10) -> 72819.823 | G10: 0 | H10: =F10+G10 -> 72819.823
A11: ENERGY SOLAR | B11: 30.931.649/0001-97 | C11: Av. João Ferreira de Freitas, 640, Pouso Alegre - MG | D11: (35) 99753-2526 | E11: UN | F11: =93245.36/(1+'Planilha Orcamentaria'!H10) -> 71644.533 | G11: 0 | H11: =F11+G11 -> 71644.533
B17: Isabela Cristina Ferreira Faria - Engenheira Civil
B22: Josimar Silva de Freitas - Prefeito Municipal
